Map: New Repugnancy LE

Players

PSiArc

  • Race: Terran Terran
  • Spawn Location: 7:00

Has - Winner!

  • Race: Protoss Protoss
  • Spawn Location: 1:00

Event: 2019 WCS Winter Americas

VOD

Have the link to the VOD?

Description

Time

  • Played on: Feb. 10, 2019, 12:34 p.m.
  • Length: 12:10

All games in this series

Show
View Real Time Build Order
Export as new Build Order

PSiArc Terran 

Build Orders: Cyclone Opening 

Get SALT Encoding   

  12  0:01  SCV  
  13  0:13  SCV  
  14  0:17  Supply Depot  
  14  0:25  SCV  
  15  0:30  Refinery  
  15  0:38  SCV  
  16  0:44  Barracks  
  16  0:50  SCV  
  17  1:03  SCV  
  18  1:15  SCV  
  19  1:31  Orbital Command, Marine  
  20  1:35  Factory  
  20  1:41  Supply Depot  
  20  1:49  Marine  
  21  1:57  SCV  
  22  2:12  Command Center  
  22  2:15  SCV  
  23  2:18  Factory Tech Lab  
  23  2:23  Marine  
  23  2:28  SCV  
  25  2:36  Cyclone  
  28  2:38  Supply Depot  
  28  2:41  SCV  
  28  2:43  Barracks Reactor  
  29  2:51  Refinery  
  29  2:54  SCV  
  30  3:06  SCV  
  31  3:14  Starport  
  31  3:18  SCV  
  32  3:21  Marine x2, Widow Mine  
  32  3:24  Supply Depot  
  36  3:28  Orbital Command  
  36  3:30  SCV  
  37  3:42  SCV, Widow Mine  
  37  3:44  Marine  
  37  3:45  Marine  
  42  3:52  Cloaking Field  
  42  3:54  SCV x2  
  44  4:01  Banshee  
  44  4:02  Bunker  
  47  4:06  SCV x2  
  47  4:08  Marine x2  
  51  4:12  Supply Depot  
  51  4:13  Factory Tech Lab  
  51  4:18  SCV  
  51  4:23  SCV  
  53  4:25  Refinery  
  53  4:30  SCV  
  54  4:33  Marine x2  
  54  4:35  SCV  
  57  4:41  Siege Tank  
  57  4:42  SCV  
  57  4:44  Supply Depot  
  61  4:46  Supply Depot  
  61  4:47  SCV  
  61  5:00  SCV  
  62  5:07  SCV, Banshee  
  62  5:08  Marine x2  
  62  5:12  SCV  
  69  5:17  Supply Depot  
  69  5:19  SCV, Siege Tank  
  73  5:24  SCV  
  74  5:31  SCV  
  75  5:36  SCV  
  75  5:41  Command Center  
  75  5:42  Marine  
  75  5:43  SCV  
  75  5:48  SCV  
  76  5:55  SCV  
  77  6:00  SCV  
  77  6:02  Starport Reactor  
  77  6:03  Supply Depot, Factory Reactor, Refinery  
  77  6:04  Supply Depot  
  78  6:08  SCV  
  79  6:12  SCV  
  79  6:15  Stimpack  
  79  6:17  Barracks  
  80  6:20  SCV  
  80  6:22  Barracks  
  80  6:24  SCV  
  82  6:26  Marauder  
  82  6:30  Supply Depot  
  82  6:32  SCV, Supply Depot  
  85  6:38  SCV  
  86  6:43  Medivac x2  
  86  6:44  SCV  
  91  6:50  Marauder  
  91  6:51  Widow Mine x2  
  91  6:53  Orbital Command  
  97  6:55  SCV  
  98  7:02  Engineering Bay  
  98  7:03  Engineering Bay  
  98  7:04  Supply Depot  
  98  7:05  Combat Shield  
  98  7:11  Marine x2  
  100  7:18  Widow Mine  
  100  7:19  Widow Mine  
  100  7:20  Viking x2  
  108  7:29  Marauder x2  
  112  7:33  Supply Depot  
  112  7:38  Marine  
  112  7:39  Marine  
  112  7:44  Barracks x2  
  114  7:46  Terran Infantry Weapons Level 1, Terran Infantry Armor Level 1  
  114  7:48  SCV x2  
  116  7:59  Marauder, Marine  
  116  8:00  Widow Mine x2  
  123  8:07  Bunker  
  123  8:12  Orbital Command, Marine  
  124  8:18  Marine  
  124  8:19  Marauder  
  127  8:20  SCV  
  127  8:21  Marauder  
  127  8:22  Missile Turret  
  127  8:24  Bunker x2, Supply Depot  
  127  8:25  Supply Depot  
  130  8:30  Marine  
  131  8:36  SCV  
  131  8:38  Marine  
  132  8:45  Marine x2  
  132  8:46  Marauder x2, Widow Mine x2  
  132  8:47  Medivac x2  
  144  9:06  Marine  
  144  9:07  Marauder x2, Marine x3  
  149  9:10  Armory  
  149  9:12  Ghost Academy  
  149  9:13  SCV  
  147  9:22  Widow Mine x2  
  147  9:23  Medivac x2  
  155  9:24  Marine x2  
  155  9:25  Refinery  
  155  9:26  Refinery  
  155  9:29  Marauder, Starport  
  155  9:31  Supply Depot  
  159  9:33  Fusion Core  
  159  9:42  Marine  
  158  9:49  Marine x2  
  158  9:50  Marauder x2, Orbital Command, Marine  
  143  9:55  SCV x2  
  143  9:58  Viking x2  
  149  10:00  Marine  
  150  10:07  Marine  
  150  10:09  Orbital Command  
  150  10:11  Marauder  
  150  10:12  Marauder  
  155  10:18  Marine x3  
  158  10:33  Marauder x2  
  158  10:42  SCV  
  151  10:43  Marine  
  147  10:54  Ghost x2  
  147  10:55  Starport Tech Lab  
  142  11:05  Marine x4  
  126  11:14  SCV  
  126  11:15  SCV  
  106  11:23  Marine x2  
  106  11:24  Marauder  
  103  11:26  SCV  
  103  11:28  Marine  
  103  11:38  SCV  
  87  11:42  Marine x3  
  87  11:43  Marauder  
  88  12:02  Barracks Tech Lab, Barracks Reactor  
Show
View Real Time Build Order
Export as new Build Order

Has Protoss - Winner!

Build Orders: 1 Gate Expand 

Get SALT Encoding   

  12  0:00  Probe  
  13  0:13  Probe  
  14  0:17  Pylon  
  14  0:25  Probe  
  15  0:33  Probe  
  15  0:35  Gateway  
  15  0:41  Probe  
  16  0:48  Assimilator  
  17  0:51  Probe  
  18  0:59  Probe  
  19  1:07  Probe  
  20  1:24  Nexus  
  20  1:34  Cybernetics Core  
  20  1:37  Probe  
  21  1:41  Assimilator  
  21  1:49  Probe  
  21  1:52  Pylon  
  22  2:01  Probe  
  22  2:04  Adept  
  23  2:10  Warp Gate  
  23  2:13  Probe, Pylon  
  26  2:26  Robotics Facility  
  26  2:29  Probe  
  27  2:34  Adept  
  27  2:35  Probe  
  29  2:41  Probe  
  29  2:43  Probe  
  32  2:54  Probe  
  34  3:02  Gateway  
  34  3:06  Probe  
  34  3:07  Probe  
  34  3:09  Observer  
  35  3:16  Gateway  
  35  3:18  Probe  
  35  3:19  Probe  
  38  3:28  Warp Prism  
  38  3:30  Probe  
  38  3:31  Probe  
  42  3:41  Pylon  
  42  3:42  Probe  
  42  3:45  Probe  
  44  3:54  Probe  
  45  3:57  Probe  
  45  3:59  Pylon  
  45  4:01  Twilight Council  
  46  4:03  Stalker x2  
  46  4:06  Probe  
  46  4:07  Observer  
  51  4:10  Stalker  
  51  4:11  Probe  
  55  4:24  Probe  
  55  4:27  Observer  
  55  4:28  Shield Battery  
  57  4:33  Forge  
  57  4:35  Stalker x3  
  62  4:40  Charge  
  62  4:45  Gateway  
  62  4:46  Protoss Ground Armor Level 1  
  62  4:50  Gateway  
  62  4:53  Gateway  
  63  5:00  Probe x2  
  64  5:07  Shield Battery  
  64  5:15  Nexus  
  64  5:18  Observer  
  64  5:21  Probe x2  
  67  5:22  Pylon  
  67  5:35  Pylon  
  67  5:47  Zealot x3  
  67  5:48  Zealot x2  
  77  5:53  Pylon  
  77  5:54  Sentry  
  79  5:58  Probe  
  79  6:02  Blink  
  80  6:04  Probe  
  80  6:08  Pylon  
  80  6:11  Probe  
  82  6:13  Assimilator  
  82  6:16  Probe  
  82  6:17  Assimilator  
  83  6:20  Zealot x3  
  83  6:21  Zealot x2  
  83  6:25  Probe  
  94  6:29  Probe  
  95  6:33  Probe  
  95  6:38  Photon Cannon  
  95  6:40  Protoss Ground Weapons Level 1  
  95  6:50  Stalker  
  95  6:51  Stalker  
  95  6:53  Zealot x4  
  107  6:54  Probe x2  
  107  6:55  Probe  
  110  7:03  Forge  
  110  7:06  Probe  
  110  7:07  Robotics Bay  
  111  7:22  Protoss Ground Armor Level 2  
  111  7:29  Pylon, Robotics Facility  
  111  7:30  Pylon  
  111  7:31  Pylon x2  
  111  7:40  Probe x3  
  114  7:45  Extended Thermal Lance  
  114  7:48  Photon Cannon  
  114  7:51  Pylon  
  114  7:52  Probe  
  114  7:53  Colossus  
  121  8:02  Probe x2  
  121  8:04  Probe  
  124  8:07  Assimilator x2  
  124  8:09  Pylon  
  124  8:10  Colossus  
  124  8:12  Nexus  
  124  8:15  Pylon  
  122  8:36  Probe x3  
  125  8:41  Protoss Ground Weapons Level 2  
  125  8:47  Colossus  
  131  8:51  Stalker  
  131  8:52  Stalker x3  
  139  8:55  Warp Prism  
  139  8:58  Probe x2  
  135  9:04  Probe  
  132  9:10  Probe x2  
  134  9:21  Colossus, Probe  
  134  9:22  Probe x2, Gateway  
  134  9:24  Gateway  
  137  9:28  Protoss Ground Armor Level 3, Probe  
  137  9:29  Templar Archives  
  138  9:33  Probe, Shield Battery  
  138  9:35  Probe  
  138  9:36  Probe  
  131  9:55  Zealot  
  131  9:56  Zealot x5  
  131  9:58  Colossus  
  149  10:08  Probe x3  
  151  10:21  Stalker  
  151  10:22  Stalker x4  
  161  10:32  Zealot x3  
  163  10:44  Colossus  
  161  10:54  Stalker x7  
  157  11:21  Stalker x8  
  157  11:25  Assimilator, Probe x3  
  172  11:26  Assimilator  
  142  11:44  Zealot  
  142  11:45  Zealot x7  
  157  11:54  Gateway  
  157  11:55  Gateway  
  157  11:58  Gateway  
Tags
 
Add a new tag
Caveats
  • Supply blocks, unpowered buildings, or Contaminate may cause inaccurate times.
  • Supply counts are checked every 10 seconds.